 Dungeon Crawl Stone Soup version 0.30-a0-782-ge64f9170bb (webtiles) character file.

Game seed: 9231000477736137281

2556 Leeroy the Fencer (level 9, -4/61 HPs)
             Began as a Merfolk Gladiator on Feb 24, 2023.
             Was a Follower of Wu Jian.
             Slain by an iguana (5 damage)
             ... on level 5 of the Dungeon.
             The game lasted 00:06:25 (6465 turns).

Leeroy the Fencer (Merfolk Gladiator)               Turns: 6465, Time: 00:06:26

Health: -4/61      AC:  7    Str: 15    XL:     9   Next: 56%
Magic:  18/18      EV: 13    Int:  7    God:    Wu Jian [*.....]
Gold:   225        SH:  0    Dex: 19    Spells: 8/8 levels left

rFire   + . .      SeeInvis .    a - +0 long sword
rCold   + . .      Faith    .    (no shield)
rNeg    . . .      Spirit   .    r - +0 ring mail of Syndicalism {rPois rF+}
rPois   +          Reflect  .    c - +0 helmet
rElec   .          Harm     .    K - +0 cloak
rCorr   .          Rampage  .    (no gloves)
Will    .....                    (no boots)
Stlth   +                        B - amulet of regeneration
HPRegen 1.10/turn                l - ring of magical power
MPRegen 0.16/turn                x - ring of protection from cold

@: no status effects
A: (nimble swimmer 2), mertail
a: Renounce Religion


You were on level 5 of the Dungeon.
You worshipped Wu Jian.
Wu Jian was aware of your devotion.
You visited 2 branches of the dungeon, and saw 8 of its levels.

You collected 225 gold pieces.

Inventory:

Hand Weapons
 a - a +0 long sword (weapon)
 k - a +0 dagger of venom
 C - a +2 dagger of flaming
 I - the +11 quarterstaff of Greatest Utility {antimagic, +Blink rF+ rCorr}
   (You found it on level 7 of the Dungeon)

   rF:        It protects you from fire.
   +Blink:    It lets you blink.
   rCorr:     It protects you from acid and corrosion.
Missiles
 e - a javelin (quivered)
 u - 7 poisoned darts
Armour
 b - a +0 leather armour
 c - a +0 helmet (worn)
 r - the +0 ring mail of Syndicalism (worn) {rPois rF+}
   (You found it on level 3 of the Dungeon)

   rF:        It protects you from fire.
   rPois:     It protects you from poison.
 K - a +0 cloak (worn)
Jewellery
 l - a ring of magical power (left hand)
 x - a ring of protection from cold (right hand)
 B - an amulet of regeneration (around neck)
 E - a ring of wizardry
 J - a ring of ice
Scrolls
 h - a scroll of blinking {unknown}
 i - a scroll of noise {unknown}
 j - 5 scrolls of identify
 o - a scroll of fog {unknown}
 q - 2 scrolls of teleportation {unknown}
 v - a scroll of torment {unknown}
 w - 2 scrolls of enchant armour {unknown}
 y - a scroll of immolation {unknown}
 G - a scroll of magic mapping {unknown}
 H - a scroll of vulnerability {unknown}
Potions
 f - 7 potions of curing {unknown}
 m - 3 potions of degeneration {unknown}
 n - 2 potions of ambrosia {unknown}
 p - 3 potions of brilliance {unknown}
 s - 3 potions of heal wounds {unknown}
 t - 3 potions of might {unknown}
 z - 3 potions of attraction {unknown}
 A - a potion of mutation {unknown}
 D - a potion of berserk rage {unknown}
 F - a potion of lignification {unknown}


   Skills:
 - Level 2.1 Fighting
 - Level 15.0 Long Blades
 - Level 2.0 Throwing
 + Level 4.9 Dodging


You had 8 spell levels left.
You didn't know any spells.
Your spell library contained the following spells:

 Spells                   Type           Power      Damage    Failure   Level
 Blink                    Tloc           0%         N/A       80%         2
 Ignite Poison            Fire/Tmut/Pois 0%         N/A       95%         3
 Kindle Blastsparks       Fire/Tloc/Air  0%         2d10      95%         3
 Manifold Assault         Tloc           0%         N/A       100%        4
 Freezing Cloud           Conj/Ice/Air   0%         6-21      100%        5
 Storm Form               Tmut/Air       0%         N/A       100%        7


Dungeon Overview and Level Annotations

Branches:
Dungeon (7/15)             Temple (1/1) D:4

Altars:
Ashenzari
Cheibriados
Dithmenos
Elyvilon
Fedhas
Gozag
Hepliaklqana
Kikubaaqudgha
Makhleb
Nemelex Xobeh
Okawaru
Qazlal
Sif Muna
Trog
Uskayaw
Vehumet
Wu Jian
Xom
Zin
The Shining One

Annotations:
D:3 1 runed translucent door
D:5 Duvessa


Innate Abilities, Weirdness & Mutations

((You are very nimble when in or above water. (Stealth+, EV+, Speed+++)))
Your lower body shifts to a powerful aquatic tail in water.


Message History

You slash Duvessa!
Duvessa is lightly wounded.
Duvessa struggles against the net.
You hit Duvessa but do no damage.
Duvessa is lightly wounded.
Duvessa struggles against the net.
You strike the helpless Duvessa from behind!
You slash Duvessa!
Duvessa is moderately wounded.
Duvessa struggles against the net.
The net rips apart, and Duvessa comes free!
You barely miss Duvessa.
Duvessa is moderately wounded.
Duvessa barely misses you.
You hit Duvessa but do no damage.
Duvessa is moderately wounded.
Duvessa hits you with a +2 rapier of venom!
The iguana closely misses you.
Throw: throwing net
Press: ? - help, Q - select action, (/) - cycle Shift-Dir - straight line, f/p - Duvessa
Aim: Duvessa, wielding a +2 rapier of venom and wearing a +0 scale mail (moderately wounded, berserk, 70% to hit)
You throw a throwing net. The throwing net hits Duvessa.
Duvessa is caught in the net!
Duvessa is moderately wounded.
Duvessa struggles against the net.
The iguana bites you.
You catch the helpless Duvessa completely off-guard!
You slash Duvessa!
Duvessa is heavily wounded.
Duvessa struggles against the net.
You hit Duvessa.
Duvessa is severely wounded.
Duvessa struggles against the net.
The net rips apart, and Duvessa comes free!
The iguana bites you but does no damage.
You hit Duvessa.
Duvessa is severely wounded.
Duvessa hits you with a +2 rapier of venom!!
* * * LOW HITPOINT WARNING * * *
The iguana bites you.
You die...

#.. ## #.# #.. ## ## #.##
#.. .#. ...# ## ... #.#
#..# ..# #####.##.## #..#
#.# ..........####..##.#
#.#########.......[....#
#.##..........@###.......#
#.##.######...el.........#
###.##.####
#.##.###.#####.#
).))......##...#.# #.# #
###)......#....... ..#
#..)....#...>#.#####
#...........##.#
#..(....######(# #......<#


You could see Duvessa (berserk) and an iguana.

Vanquished Creatures
  Grinder (D:6)
  A water moccasin (D:6)
  A sky beast (D:6)
  An ice beast (D:6)
  An orc warrior (D:6)
  The ghost of Takeo the Trooper, an amateur DjWr of Gozag (D:3)
  2 black bears
  3 ogres
  A centaur (D:6)
  2 phantoms (D:4)
  3 bullfrogs
  A necrophage (D:6)
  3 scorpions
  3 wights
  Dowan (D:5)
  3 killer bees (D:7)
  A howler monkey (D:7)
  5 hounds
  Crazy Yiuf (D:7)
  2 orc priests
  An orc wizard (D:7)
  A gnoll (D:1)
  4 adders
  A white imp (D:6)
  2 ufetubi (D:4)
  2 worms
  2 dart slugs (D:2)
  17 orcs
  3 endoplasms
  9 giant cockroaches
  6 goblins
  5 hobgoblins
  10 jackals
  5 quokkas
  6 ball pythons
  2 bats (D:2)
  4 frilled lizards
  7 kobolds
  5 rats
129 creatures vanquished.

Notes
Turn   | Place    | Note
-------+----------+-------------------------------------------
     0 | D:1      | Leeroy the Merfolk Gladiator began the quest for the Orb.
     0 | D:1      | Reached XP level 1. HP: 16/16 MP: 1/1
   160 | D:1      | Reached skill level 4 in Long Blades
   160 | D:1      | Reached XP level 2. HP: 21/22 MP: 2/2
   758 | D:2      | Reached XP level 3. HP: 23/27 MP: 3/3
   797 | D:2      | Reached skill level 5 in Long Blades
   890 | D:2      | Found a shimmering blue altar of Sif Muna.
  1201 | D:2      | Reached XP level 4. HP: 9/33 MP: 4/4
  1464 | D:2      | Reached skill level 6 in Long Blades
  1814 | D:3      | Identified the +0 ring mail of Syndicalism {rPois rF+}
  1876 | D:3      | Found a runed translucent door.
  1937 | D:3      | Noticed Takeo's ghost (amateur DjWr)
  1937 | D:3      | Noticed a bullfrog
  1943 | D:3      | Reached XP level 5. HP: 33/38 MP: 5/5
  1953 | D:3      | Reached skill level 7 in Long Blades
  1975 | D:3      | Killed Takeo's ghost
  1976 | D:3      | Reached skill level 8 in Long Blades
  1976 | D:3      | Reached XP level 6. HP: 10/44 MP: 6/6
  2111 | D:3      | Found a runed translucent door.
  2258 | D:3      | Found a faded altar of an unknown god.
  2760 | D:4      | Reached skill level 9 in Long Blades
  2974 | D:4      | Reached XP level 7. HP: 50/50 MP: 7/7
  3052 | D:4      | Found a broken altar of Ashenzari.
  3259 | D:4      | Found a staircase to the Ecumenical Temple.
  3268 | D:4      | Reached skill level 10 in Long Blades
  3292 | Temple   | Entered the Ecumenical Temple
  3627 | Temple   | Became a worshipper of the Wu Jian Council
  3989 | D:5      | Entered Level 5 of the Dungeon
  4000 | D:4      | Reached skill level 11 in Long Blades
  4000 | D:4      | Reached XP level 8. HP: 52/56 MP: 8/8
  4090 | D:5      | Noticed Dowan
  4103 | D:5      | Killed Dowan
  4112 | D:5      | Noticed Duvessa
  4149 | D:6      | Noticed Grinder
  4156 | D:6      | Paralysed by Grinder for 2 turns
  4161 | D:6      | Killed Grinder
  4162 | D:6      | Reached skill level 12 in Long Blades
  4571 | D:6      | Reached skill level 13 in Long Blades
  4650 | D:6      | Reached XP level 9. HP: 61/61 MP: 9/9
  4800 | D:6      | Reached skill level 14 in Long Blades
  5240 | D:7      | Reached * piety under Wu Jian
  5617 | D:7      | Identified the +11 quarterstaff of Greatest Utility
                  | {antimagic, +Blink rF+ rCorr}
  5729 | D:7      | Reached skill level 15 in Long Blades
  5948 | D:7      | Found a runed translucent door.
  5949 | D:7      | Noticed Crazy Yiuf
  6398 | D:7      | Killed Crazy Yiuf
  6465 | D:5      | HP: 1/61 [Duvessa/+2 rapier of venom (21)]
  6465 | D:5      | Slain by an iguana

Illustrated notes

Levels and vault maps discovered:
D:1:      dpeg_arrival_boxes_within_box, layout_rooms
D:2:      minmay_chambers_of_ones, layout_basic, basic_altar
D:3:      layout_loops_ring, shapermc_ecumenical_altar_gd,
          ebering_ghost_sewer_f, nicolae_elevator_lobby_plus
D:4:      layout_basic, kennysheep_little_box, minmay_temple_entry_large_hall
D:5:      layout_loops_ring, uniq_duvessa
D:6:      mumra_celtic_spiral_tile, layout_basic, uniq_grinder
D:7:      layout_basic, uniq_crazy_yiuf_cottage
Temple:   dpeg_five_rooms_temple

Skill      XL: |  1  2  3  4  5  6  7  8  9 |
---------------+----------------------------+-----
Long Blades    | 4 5 6 8 9 11 13 15 | 15.0
Fighting       | |  2.1
Throwing       | |  2.0
Dodging        | |  4.9

Action                     |  1- 3 |  4- 6 |  7- 9 || total
---------------------------+-------+-------+-------++-------
  Melee: Long sword        |   109 |   168 |   303 ||   580
         Punch             |     1 |     2 |     6 ||     9
  Throw: Throwing net      |       |       |     3 ||     3
Ability: Lunge             |       |       |     9 ||     9
         Whirlwind         |       |       |     2 ||     2
    Use: Scroll            |       |       |     4 ||     4
   Stab: Sleeping          |     1 |     1 |       ||     2
         Held in net/web   |       |       |     2 ||     2
 Armour: Leather armour    |    23 |     8 |       ||    31
         Ring mail         |       |    51 |    90 ||   141
  Dodge: Dodged            |    75 |    90 |   157 ||   322

Table legend: (Time is in decaauts)
 A = Elapsed time spent in this place.
 B = Non-inter-level travel time spent in this place.
 C = Inter-level travel time spent in this place.
 D = Time resting spent in this place.
 E = Time spent auto-exploring this place.
 F = Levels seen in this place.
 G = Mean time per level.
                   A        B        C        D        E       F      G
               +--------+--------+--------+--------+--------+-----+--------+
         Total |   6417 |   6123 |    294 |    362 |   4714 |   8 |  802.1 |
       Dungeon |   6031 |   5839 |    192 |    362 |   4444 |   7 |  861.6 |
        Temple |    385 |    283 |    102 |      0 |    270 |   1 |  385.0 |
               +--------+--------+--------+--------+--------+-----+--------+

Top non-repeatable levels by time:
     D:6: 1339 daAuts
     D:2: 1024 daAuts
     D:3: 971 daAuts
     D:7: 945 daAuts
     D:4: 906 daAuts
     D:1: 716 daAuts
  Temple: 385 daAuts
     D:5: 126 daAuts
